Map: Automaton LE

Players

dark - Winner!

  • Race: Zerg Zerg
  • Spawn Location: 3:00

Neeb

  • Race: Protoss Protoss
  • Spawn Location: 9:00

Event: IEM Season 13: Katowice (2019)

VOD

Have the link to the VOD?

Description

Time

  • Played on: Feb. 28, 2019, 1:14 p.m.
  • Length: 9:11

All games in this series

Show
View Real Time Build Order
Export as new Build Order

dark Zerg - Winner!

Build Orders: Hatch First 

Get SALT Encoding   

  12  0:00  Drone  
  13  0:12  Overlord  
  13  0:17  Drone  
  14  0:31  Drone x2  
  14  0:35  Drone  
  17  0:53  Hatchery  
  17  0:56  Drone  
  17  0:58  Drone  
  18  1:07  Drone  
  19  1:11  Extractor  
  19  1:17  Spawning Pool  
  17  1:20  Drone  
  18  1:28  Drone  
  19  1:44  Hatchery  
  19  1:46  Drone  
  20  1:54  Drone  
  20  2:05  Zergling x2, Drone  
  20  2:06  Queen  
  24  2:16  Queen  
  24  2:22  Overlord  
  26  2:28  Drone x2  
  28  2:40  Zergling x2  
  28  2:41  Drone x2  
  31  2:54  Queen  
  33  2:59  Queen  
  33  3:04  Drone x2  
  37  3:13  Overlord  
  37  3:16  Drone  
  37  3:18  Spore Crawler  
  36  3:21  Spore Crawler  
  34  3:30  Drone, Spore Crawler  
  34  3:32  Overlord, Drone x2  
  34  3:33  Drone x3  
  42  3:46  Overlord  
  42  3:50  Lair, Drone x3  
  42  3:51  Extractor, Drone x2  
  46  3:56  Drone  
  46  3:59  Roach Warren  
  46  4:01  Queen  
  48  4:04  Drone  
  48  4:05  Drone  
  48  4:07  Drone  
  48  4:09  Drone  
  53  4:10  Drone  
  53  4:11  Drone  
  53  4:16  Drone x2  
  56  4:23  Spore Crawler  
  55  4:25  Drone x2, Spore Crawler  
  55  4:26  Drone  
  57  4:31  Overlord  
  57  4:33  Zergling x2  
  58  4:39  Overlord x2  
  58  4:42  Extractor  
  58  4:43  Roach, Extractor  
  58  4:50  Glial Reconstitution  
  58  4:51  Roach  
  58  4:52  Roach x2  
  64  4:53  Roach  
  64  4:55  Overseer  
  64  4:58  Roach  
  64  4:59  Roach  
  70  5:02  Roach  
  70  5:06  Roach x2  
  76  5:11  Roach x2  
  76  5:13  Drone x2  
  80  5:22  Overlord  
  80  5:24  Overlord  
  80  5:28  Overlord  
  77  5:29  Overlord  
  77  5:41  Drone x5  
  77  5:42  Overlord  
  82  5:48  Spire, Drone  
  82  5:58  Drone x5  
  82  6:01  Drone  
  88  6:07  Drone  
  88  6:10  Drone x3  
  96  6:11  Roach x2  
  96  6:13  Ravager  
  96  6:16  Roach x3  
  103  6:22  Drone x2  
  105  6:26  Drone  
  105  6:30  Extractor x2  
  104  6:34  Overlord  
  104  6:35  Drone  
  104  6:38  Drone x3  
  108  6:46  Overlord x3  
  108  6:59  Mutalisk x7  
  122  7:07  Mutalisk x2  
  124  7:15  Roach x4  
  132  7:19  Roach  
  132  7:20  Roach  
  136  7:23  Roach x3  
  136  7:26  Overlord  
  136  7:29  Hatchery  
  141  7:34  Ravager x2  
  143  7:38  Overlord  
  143  7:44  Roach  
  143  7:45  Overlord x2  
  143  7:46  Ravager  
  143  7:50  Spine Crawler  
  145  7:53  Spine Crawler  
  145  7:56  Roach x5  
  154  8:01  Overlord  
  154  8:05  Roach x4  
  162  8:06  Ravager x3  
  162  8:10  Roach x2  
  166  8:15  Roach x2  
  166  8:16  Overlord  
  160  8:26  Roach  
  168  8:27  Roach x5  
  164  8:35  Zergling x12  
  148  8:45  Roach x2  
  135  8:54  Overseer  
Show
View Real Time Build Order
Export as new Build Order

Neeb Protoss 

Build Orders: 1 Gate Expand, Archon Immortal, Archon Drop, Dark Templar Rush 

Get SALT Encoding   

  12  0:00  Probe  
  13  0:12  Probe  
  14  0:18  Pylon  
  14  0:24  Probe  
  15  0:29  Assimilator  
  15  0:34  Probe  
  16  0:43  Probe  
  16  0:44  Gateway  
  17  0:53  Probe  
  18  1:05  Probe  
  19  1:17  Probe  
  20  1:25  Nexus  
  20  1:34  Cybernetics Core  
  20  1:38  Probe  
  21  1:43  Assimilator  
  21  1:50  Probe  
  22  1:54  Pylon  
  22  2:00  Probe  
  22  2:02  Adept  
  23  2:08  Probe  
  26  2:17  Probe  
  26  2:20  Warp Gate  
  27  2:25  Stalker  
  27  2:29  Probe  
  28  2:30  Twilight Council  
  30  2:38  Probe  
  30  2:41  Probe  
  32  2:50  Probe  
  33  2:53  Probe  
  33  2:56  Robotics Facility  
  34  3:02  Probe  
  34  3:05  Probe  
  35  3:14  Probe  
  35  3:17  Probe  
  36  3:26  Probe  
  37  3:29  Dark Shrine, Probe  
  36  3:37  Gateway  
  36  3:42  Gateway  
  36  3:43  Gateway  
  36  3:45  Probe x2  
  36  3:47  Warp Prism  
  38  3:53  Probe  
  40  3:57  Probe  
  40  4:01  Probe  
  40  4:02  Assimilator  
  42  4:06  Assimilator  
  42  4:08  Pylon  
  43  4:10  Probe  
  43  4:16  Probe  
  45  4:18  Pylon  
  45  4:22  Probe  
  46  4:25  Pylon  
  47  4:34  Probe  
  47  4:43  Dark Templar x4, Observer  
  47  4:44  Probe  
  56  4:47  Archon  
  56  4:48  Archon  
  56  4:51  Probe  
  56  4:52  Pylon  
  58  4:56  Probe  
  59  5:00  Immortal  
  59  5:03  Probe  
  64  5:19  Sentry x2  
  68  5:29  Immortal  
  68  5:31  Probe  
  69  5:36  Forge  
  69  5:37  Sentry x2  
  69  5:39  Nexus  
  69  5:41  Pylon  
  77  5:52  Pylon  
  77  5:53  Pylon  
  77  5:56  Pylon  
  77  6:00  Gateway  
  77  6:02  Gateway  
  77  6:06  Sentry x2  
  77  6:08  Sentry  
  83  6:14  Immortal, Charge  
  83  6:15  Protoss Ground Weapons Level 1  
  83  6:16  Probe x2  
  85  6:28  Probe  
  90  6:33  Probe  
  90  6:34  Pylon  
  91  6:40  Probe  
  91  6:45  Probe  
  93  6:47  Pylon  
  93  6:48  Immortal  
  93  6:50  Gateway  
  93  6:51  Gateway  
  98  7:01  Probe x2  
  98  7:05  Zealot x2  
  103  7:29  Dark Templar  
  109  7:31  Dark Templar, Zealot x4  
  109  7:35  Archon  
  119  7:41  Probe x2  
  121  7:46  Pylon  
  121  7:47  Pylon  
  121  7:50  Dark Templar x2  
  126  7:53  Photon Cannon  
  126  7:55  Photon Cannon  
  126  7:56  Archon  
  126  7:57  Dark Templar x2  
  121  8:01  Archon  
  121  8:03  Stalker x2  
  124  8:07  Stalker  
  94  8:30  Stalker x4  
  94  8:43  Stalker  
  94  8:46  Stalker  

Tags
 
Add a new tag
Caveats
  • Supply blocks, unpowered buildings, or Contaminate may cause inaccurate times.
  • Supply counts are checked every 10 seconds.